 Dungeon Crawl Stone Soup version 0.27.1 (webtiles) character file.

Game seed: 6598310976536691844

21 hawla the Sneak (level 2, 0/18 HPs)
             Began as a Deep Elf Delver on Aug 22, 2021.
             Slain by an adder (3 damage)
             ... on level 3 of the Dungeon.
             The game lasted 00:05:16 (1030 turns).

hawla the Sneak (Deep Elf Delver)                   Turns: 1030, Time: 00:05:16

Health: 0/18       AC:  3    Str:  9    XL:     2   Next: 65%
Magic:  5/5        EV: 12    Int: 14    God:
Gold:   48         SH:  0    Dex: 16    Spells: 3/3 levels left

rFire    . . .     SeeInvis .   h - +1 short sword (freeze)
rCold    . . .     Faith    .   (no shield)
rNeg     . . .     Spirit   .   b - +0 leather armour
rPois    .         Reflect  .   (no helmet)
rElec    .         Harm     .   (no cloak)
rCorr    .         Rampage  .   (no gloves)
Will     .....                  (no boots)
Stlth    ++........             (no amulet)
HPRegen  0.06/turn              (no ring)
MPRegen  0.09/turn              (no ring)

@: about to teleport, hasted, quick
A: no striking features
a: no special abilities


You were on level 3 of the Dungeon.
You visited 1 branch of the dungeon, and saw 3 of its levels.
You also visited: Sewer.

You collected 48 gold pieces.

Inventory:

Hand Weapons
 h - a +1 short sword of freezing (weapon)
Missiles
 d - 2 boomerangs (quivered)
 e - 9 poisoned darts
Armour
 b - a +0 leather armour (worn)
Wands
 g - a wand of digging (3)
Scrolls
 c - a scroll of fog


   Skills:
 + Level 2.5 Fighting
 + Level 2.1 Short Blades
 + Level 2.6 Dodging
 - Level 6.3 Stealth
 * Level 1.1 Spellcasting
 * Level 0.8 Necromancy


You had 3 spell levels left.
You didn't know any spells.
Your spell library contained the following spells:

 Spells                   Type           Power      Damage    Failure   Level
 Slow                     Hex            0%         N/A       50%         2
 Vampiric Draining        Necr           1%         2d6       61%         3
 Confusing Touch          Hex            0%         N/A       73%         3


Dungeon Overview and Level Annotations

Branches:
Dungeon (5/15)              Sewer (visited)
 Temple: D:4-7

Altars:

Annotations:
D:5 Prince Ribbit


Message History

You start resting.
You feel sick. x2
You are no longer poisoned.
You start resting.
Your transformation is almost over.
You start resting.
You feel less wooden.
Your +0 leather armour unmelds from your body.
You start resting.
A kobold is nearby!
Throw: 3 boomerangs
Press: ? - help, Q - select action, (/) - cycle Shift-Dir - straight line, f - kobold
Aim: a kobold, wielding a +0 dagger and quivering bolts (wandering, hasn't noticed you, 53% to hit)
You throw a boomerang.
The boomerang closely misses the kobold.
The kobold shouts!
The kobold unwields a +0 dagger.
The kobold wields a +0 hand crossbow.
The kobold shoots a bolt.
The bolt hits you!
* * * LOW HITPOINT WARNING * * *
Okay, then.
You feel yourself speed up.
The kobold shoots a bolt.
The bolt closely misses you.
Items here: ( ))) ÷÷.
A kobold is nearby!
Things that are here:
a +0 short sword; 5 stones The kobold shoots a bolt.
The bolt closely misses you.
There is an empty arch of ancient stone here.
There is a gate leading back out of this place here.
The adder closely misses you.
The giant cockroach splashes around in the water.
The giant cockroach barely misses you. The adder barely misses you.
There is a collapsed entrance here.
As you read the scroll labelled ZONORO ILIVONT, it crumbles to dust.
You feel strangely unstable.
It was a scroll of teleportation.
The giant cockroach barely misses you.
The giant cockroach splashes around in the water.
You enter the shallow water.
Moving in this stuff is going to be slow.
The adder bites you.
You die...

*,,,....,,,,,,,,,,,,,,*
*****,....,***.....,,,,,*
***,,,,,#..#####.....,,,,,*
****,,,****#..##........,,,,,****
,,,,,#######..##.#......,,,,,,,,,
,,,,,...................,,,,*****
,,,,,******#..#####.......,,*,,,,
,*,*** ##..#≈≈≈#.......,,,,***
,,,**######...#≈@≈#.......,,,,**,
,,,,,.....#...#≈S≈#.......,,,,*,,
,*******#.....#BB≈#.......,,,,*,,
***#######....#≈≈≈#.......,,,,,,,
***...........##'##$......,,,,*,,
,,,,#####.................,,,,*,,
,**** **#...........######,,,,**,
** #...#........## *<,,,*** ,*
*#.###........## *,,,,,,,


You could see an adder and 2 giant cockroaches.

Vanquished Creatures
  A shadow imp (Sewer)
  An ufetubus (Sewer)
  2 bats (Sewer)
  7 kobolds (Sewer)
11 creatures vanquished.

Notes
Turn   | Place    | Note
-------+----------+-------------------------------------------
     0 | D:5      | hawla the Deep Elf Delver began the quest for the Orb.
     0 | D:5      | Reached XP level 1. HP: 13/13 MP: 3/3
    15 | D:5      | Noticed Prince Ribbit
    42 | D:4      | Noticed a hound
    55 | D:4      | Noticed an ogre
   180 | D:3      | Found a glowing drain.
   278 | Sewer    | Entered a sewer
   515 | Sewer    | Reached XP level 2. HP: 18/18 MP: 3/5
   785 | Sewer    | Reached skill level 1 in Spellcasting
  1030 | D:3      | Slain by an adder

Illustrated notes

Levels and vault maps discovered:
D:3:      cheibrodos_greedy_goblins, layout_rooms, old_standard_altar,
          gup_sewer_entry_glass, uniq_jessica
D:4:      layout_cave_pools, mainiacjoe_overflow_cross_hatched,
          grunt_qazlal_clouds, serial_forest, infiniplex_forest_straight_2,
          infiniplex_forest_clump_long, infiniplex_forest_clump_medium,
          infiniplex_forest_zigzag_1
D:5:      layout_cave_pods, mrwooster_statue_mirror, nicolae_shop_clearance,
          uniq_ijyb, uniq_prince_ribbit1

Skill      XL: |  1  2 |
---------------+-------+-----
Spellcasting   | 1 |  1.1
Fighting       | |  2.5
Short Blades   | |  2.1
Dodging        | |  2.6
Stealth        | |  6.3
Necromancy     | |  0.8

Action                   || total
-------------------------++-------
Melee: Short sword       ||    34
Throw: Boomerang         ||    12
  Use: Scroll            ||     5
       Potion            ||     6
 Stab: Sleeping          ||     1
Armor: Skin              ||     9
       Leather armour    ||     7
Dodge: Dodged            ||    23
